 Dungeon Crawl Stone Soup version 0.21-a0-358-g8928369 (webtiles) character file.

1138 Ikkuss the Protected (level 8, -9/63 HPs)
             Began as a Gnoll Wanderer on Oct 12, 2017.
             Was a Follower of Okawaru.
             Mangled by an ogre
             ... wielding a +0 giant spiked club
              (12 damage)
             ... on level 7 of the Dungeon.
             The game lasted 00:22:16 (6968 turns).

Ikkuss the Protected (Gnoll Wanderer)               Turns: 6968, Time: 00:22:17

Health: -9/63      AC:  6    Str: 16    XL:     8   Next: 37%
Magic:  11/11      EV: 13    Int: 16    God:    Okawaru [*.....]
Gold:   85         SH:  0    Dex: 14    Spells: 12/13 levels left

rFire    . . .     SeeInvis .   b - +0 flail (venom)
rCold    . . .     Gourm    .   (no shield)
rNeg     . . .     Faith    .   x - +0 leather armour
rPois    .         Spirit   .   (no helmet)
rElec    .         Reflect  .   (no cloak)
rCorr    .         Harm     .   j - +1 pair of gloves
MR       .....                  (no boots)
Stlth    ++........             (no amulet)
HPRegen  0.20/turn              (no ring)
MPRegen  0.12/turn              (no ring)

@: no status effects
A: distributed training, fangs 1, low mp 1, strong nose
a: Heroism, Renounce Religion


You were on level 7 of the Dungeon.
You worshipped Okawaru.
Okawaru was aware of your devotion.
You were not hungry.

You visited 1 branch of the dungeon, and saw 7 of its levels.

You collected 426 gold pieces.
You spent 341 gold pieces at shops.

Inventory:

Hand Weapons
 b - a +0 flail of venom (weapon)
 m - the +6 whip of Melyma {antimagic, rElec Str+4}
   (You found it on level 6 of the Dungeon)

   It reduces the magical energy of the wielder, and disrupts the spells and
   magical abilities of those hit.
   Natural abilities and divine invocations are not affected.
   It affects your strength (+4).
   It insulates you from electricity.
Missiles
 n - 44 poisoned needles
Armour
 j - a +1 pair of gloves (worn)
 x - a +0 leather armour (worn)
Wands
 s - a wand of random effects (14/48)
 u - a wand of digging (10/24)
 w - a wand of disintegration (7/24)
 z - a wand of polymorph (13/24)
Scrolls
 f - 3 scrolls of teleportation
 h - a scroll of remove curse
 r - a scroll of magic mapping
 y - a scroll of identify
Potions
 a - a potion of flight {unknown}
 c - a potion of lignification
 e - a potion of resistance
 g - a potion of might
 i - a potion of cancellation {unknown}
 l - a potion of magic {unknown}
 o - a potion of curing {unknown}
 p - 2 potions of haste
Books
 v - a Young Poisoner's Handbook

   Spells                             Type                      Level
   a - Sting                          Conjuration/Poison           1
   b - Poisonous Vapours              Poison/Air                   2
   c - Mephitic Cloud                 Conjuration/Poison/Air       3
   d - Olgreb's Toxic Radiance        Poison                       4
   e - Venom Bolt                     Conjuration/Poison           5
Comestibles
 d - 6 bread rations
 k - 3 meat rations
 q - a royal jelly
 A - 2 chunks of flesh


   Skills:
 + Level 5.6 Fighting
 + Level 3.1 Short Blades
 + Level 3.1 Long Blades
 + Level 4.1 Axes
 + Level 4.1 Maces & Flails
 + Level 3.1 Polearms
 + Level 3.1 Staves
 + Level 3.1 Slings
 + Level 3.1 Bows
 + Level 3.1 Crossbows
 + Level 4.1 Throwing
 + Level 9.1 Armour
 + Level 3.1 Dodging
 + Level 4.0 Stealth
 + Level 3.1 Shields
 + Level 3.1 Unarmed Combat
 + Level 3.1 Spellcasting
 + Level 3.1 Conjurations
 + Level 3.1 Hexes
 + Level 3.1 Charms
 + Level 3.1 Summonings
 + Level 3.1 Necromancy
 + Level 3.1 Translocations
 + Level 3.1 Transmutations
 + Level 3.1 Fire Magic
 + Level 3.1 Ice Magic
 + Level 3.1 Air Magic
 + Level 3.1 Earth Magic
 + Level 3.1 Poison Magic
 + Level 3.1 Invocations
 + Level 3.1 Evocations


You had 12 spell levels left.
You knew the following spells:

 Your Spells              Type           Power        Failure   Level  Hunger
a - Sting                 Conj/Pois      ##..         6%          1    None


Dungeon Overview and Level Annotations

Branches:
Dungeon (7/15)
 Temple: D:4-7

Altars:
Dithmenos
Fedhas
Gozag
Kikubaaqudgha
Okawaru
Sif Muna
Xom
Yredelemnul
The Shining One

Shops:
D:4 *   D:5 ?   D:7 %?

Annotations:
D:3 1 runed door


Innate Abilities, Weirdness & Mutations

Your experience applies equally to all skills.
You have very sharp teeth.
Your uncanny sense of smell can sniff out nearby items.
Your magical capacity is low. (-10% MP)


Message History

* * * LOW HITPOINT WARNING * * *
The orc closely misses you.
The crimson imp hits you but does no damage.
You barely miss the ogre. You bite the ogre, but do no damage.
The ogre is heavily wounded.
The orc hits you with a dagger.
* * * LOW HITPOINT WARNING * * *
The ogre closely misses you. The crimson imp closely misses you.
The orc closely misses you.
You barely miss the ogre.
The ogre is severely wounded.
The ogre barely misses you. The crimson imp hits you.
* * * LOW HITPOINT WARNING * * *
The orc hits you with a dagger.
* * * LOW HITPOINT WARNING * * *
You closely miss the orc. The ogre closely misses you.
The crimson imp hits you but does no damage.
The orc hits you but does no damage.
The ogre hits you with a giant spiked club!
You die...

##∩......# .. ...
##......?.## .#...#
#..........# #..#.!#
#.......###.#...#
###........#[...#.
#.....(.......#...#
#.............#..#..#
........#.#O...#..# #
........÷∩@5o(....#
........#.####....#
..........# ...##
.........## #..#
........ ....
.......# #... .......
#......


You could see an ogre, a crimson imp and an orc.

Vanquished Creatures
  A phantom (D:6)
  3 ogres
  A sky beast (D:5)
  A centaur (D:5)
  A bullfrog (D:7)
  A scorpion (D:4)
  A crimson imp (D:6)
  A bullfrog zombie (D:5)
  3 hounds
  An orc priest (D:6)
  2 orc wizards
  4 worker ants
  Robin (D:4)
  6 adders
  A shadow imp (D:5)
  A worm (D:3)
  4 dart slugs
  3 leopard geckos
  11 orcs
  5 bats
  8 giant cockroaches
  15 goblins
  10 hobgoblins
  4 jackals (D:2)
  3 quokkas
  A ball python (D:2)
  3 frilled lizards
  A giant cockroach zombie (D:5)
  5 kobolds
  3 quokka skeletons
  A rat (D:1)
106 creatures vanquished.

Notes
Turn   | Place    | Note
-------+----------+-------------------------------------------
     0 | D:1      | Ikkuss the Gnoll Wanderer began the quest for the Orb.
     0 | D:1      | Ikkuss set off with: a +2 scale mail, a +0 mace, a potion of lignification, a bread ration
     0 | D:1      | Reached XP level 1. HP: 20/20 MP: 1/1
   275 | D:1      | Reached XP level 2. HP: 24/26 MP: 2/2
   978 | D:2      | Reached XP level 3. HP: 28/31 MP: 3/3
  1423 | D:2      | Reached skill level 1 in Short Blades
  1423 | D:2      | Reached skill level 1 in Long Blades
  1423 | D:2      | Reached skill level 1 in Polearms
  1423 | D:2      | Reached skill level 1 in Staves
  1423 | D:2      | Reached skill level 1 in Slings
  1423 | D:2      | Reached skill level 1 in Bows
  1423 | D:2      | Reached skill level 1 in Crossbows
  1423 | D:2      | Reached skill level 1 in Dodging
  1423 | D:2      | Reached skill level 1 in Shields
  1423 | D:2      | Reached skill level 1 in Unarmed Combat
  1423 | D:2      | Reached skill level 1 in Spellcasting
  1423 | D:2      | Reached skill level 1 in Conjurations
  1423 | D:2      | Reached skill level 1 in Hexes
  1423 | D:2      | Reached skill level 1 in Charms
  1423 | D:2      | Reached skill level 1 in Summonings
  1423 | D:2      | Reached skill level 1 in Necromancy
  1423 | D:2      | Reached skill level 1 in Translocations
  1423 | D:2      | Reached skill level 1 in Transmutations
  1423 | D:2      | Reached skill level 1 in Fire Magic
  1423 | D:2      | Reached skill level 1 in Ice Magic
  1423 | D:2      | Reached skill level 1 in Air Magic
  1423 | D:2      | Reached skill level 1 in Earth Magic
  1423 | D:2      | Reached skill level 1 in Poison Magic
  1423 | D:2      | Reached skill level 1 in Invocations
  1423 | D:2      | Reached skill level 1 in Evocations
  1727 | D:3      | Reached XP level 4. HP: 23/38 MP: 5/5
  2238 | D:3      | Reached XP level 5. HP: 43/43 MP: 6/6
  2246 | D:3      | Found an iron altar of Okawaru.
  2289 | D:3      | Found a glowing golden altar of the Shining One.
  2323 | D:3      | Found a runed door.
  2560 | D:4      | Found Gozag's Platinum Reserve.
  2562 | D:4      | Found an opulent altar of Gozag.
  2620 | D:4      | Noticed an ogre
  2646 | D:3      | Became a worshipper of Warmaster Okawaru
  2665 | D:4      | Killed an ogre
  2927 | D:4      | Reached XP level 6. HP: 47/50 MP: 8/8
  3084 | D:4      | Found a basalt altar of Yredelemnul.
  3316 | D:4      | Reached skill level 5 in Fighting
  3885 | D:4      | Reached * piety under Okawaru
  3990 | D:4      | Noticed Robin
  4071 | D:4      | Killed Robin
  4327 | D:5      | Entered Level 5 of the Dungeon
  4351 | D:5      | Reached XP level 7. HP: 40/56 MP: 7/10
  4419 | D:5      | Found a blossoming altar of Fedhas.
  4542 | D:5      | Gained mutation: Your magical capacity is low. (-10% MP) [mutagenic meat]
  4577 | D:5      | Found a deep blue altar of Sif Muna.
  4688 | D:5      | Found Oviubb's Magic Scroll Boutique.
  4694 | D:5      | Bought a scroll of remove curse for 33 gold pieces
  4709 | D:5      | Found a shadowy altar of Dithmenos.
  4819 | D:5      | Found a shimmering altar of Xom.
  5325 | D:4      | Learned a level 1 spell: Sting
  5391 | D:5      | Found an ancient bone altar of Kikubaaqudgha.
  5663 | D:6      | Reached skill level 9 in Armour
  5824 | D:6      | Reached XP level 8. HP: 24/63 MP: 7/10
  6197 | D:6      | Got a crystal whip
  6198 | D:6      | Identified the +6 whip of Melyma {antimagic, rElec Str+4} (You found it on level 6 of the Dungeon)
  6753 | D:7      | Found Xaok's Magic Scroll Shoppe.
  6761 | D:7      | Bought a scroll of brand weapon for 280 gold pieces
  6761 | D:7      | Bought a scroll of identify for 28 gold pieces
  6835 | D:7      | Found Yjeicet's Food Emporium.
  6966 | D:7      | HP: 3/63 [orc/dagger (1)]
  6968 | D:7      | Mangled by an ogre

Vault maps used:
D:1:      onia_arrival_mini_spirals
D:2:      first_bread
D:3:      nicolae_overflow_hidden_temple, marbit_many_paths,
          uniq_crazy_yiuf_cottage
D:4:      lemuel_crystal_altar, nicolae_gozag_zags_fifth_avenue, uniq_robin
D:5:      fedhas_altar_1, xom_butterflies, kennysheep_mini_moat,
          kennysheep_little_box, lemuel_crystal_altar, serial_shops,
          nicolae_shop_statue_plus
D:7:      lemuel_round_altar, lemuel_crystal_altar, minmay_temple_entry_trees,
          serial_shops, shop, nicolae_shop_crystal, nicolae_shop_crystal, shop,
          kennysheep_pointless_box, grunt_livestock, hangedman_decor_opposing,
          hex_tiny

Skill      XL: |  1  2  3  4  5  6  7  8 |
---------------+-------------------------+-----
Short Blades   | 1 2 3 |  3.1
Long Blades    | 1 2 3 |  3.1
Polearms       | 1 2 3 |  3.1
Staves         | 1 2 3 |  3.1
Slings         | 1 2 3 |  3.1
Bows           | 1 2 3 |  3.1
Crossbows      | 1 2 3 |  3.1
Dodging        | 1 2 3 |  3.1
Shields        | 1 2 3 |  3.1
Unarmed Combat | 1 2 3 |  3.1
Spellcasting   | 1 2 3 |  3.1
Conjurations   | 1 2 3 |  3.1
Hexes          | 1 2 3 |  3.1
Charms         | 1 2 3 |  3.1
Summonings     | 1 2 3 |  3.1
Necromancy     | 1 2 3 |  3.1
Translocations | 1 2 3 |  3.1
Transmutations | 1 2 3 |  3.1
Fire Magic     | 1 2 3 |  3.1
Ice Magic      | 1 2 3 |  3.1
Air Magic      | 1 2 3 |  3.1
Earth Magic    | 1 2 3 |  3.1
Poison Magic   | 1 2 3 |  3.1
Invocations    | 1 2 3 |  3.1
Evocations     | 1 2 3 |  3.1
Axes           | 3 4 |  4.1
Maces & Flails | 3 4 |  4.1
Throwing       | 3 4 |  4.1
Stealth        | 3 4 |  4.0
Fighting       | 5 |  5.6
Armour         | 9 |  9.1

Action                   |  1- 3 |  4- 6 |  7- 9 || total
-------------------------+-------+-------+-------++-------
Melee: Mace              |   156 |   155 |    43 ||   354
       Bite              |    12 |    18 |    22 ||    52
       Flail             |       |       |   113 ||   113
       Whip              |       |       |    19 ||    19
 Cast: Sting             |       |       |    12 ||    12
Invok: Heroism           |       |     1 |     3 ||     4
  Use: Scroll            |     6 |     8 |     4 ||    18
       Potion            |       |       |     2 ||     2
 Stab: Distracted        |       |       |     1 ||     1
  Eat: Chunk             |     3 |     5 |     2 ||    10
       Royal jelly       |       |     1 |       ||     1
       Fruit             |       |     1 |       ||     1
       Meat ration       |       |       |     1 ||     1
       Bread ration      |       |       |     1 ||     1
Armor: Scale mail        |   131 |    88 |    34 ||   253
       Leather armour    |       |       |    26 ||    26
       Skin              |       |       |    15 ||    15
Dodge: Dodged            |    94 |    38 |    91 ||   223
Block: Shield            |    15 |    68 |    35 ||   118

Table legend:
 A = Spawn XP
 B = Non-spawn XP
 C = Spawn XP percentage of total XP
 D = Spawn monster count
 E = Non-spawn monster count
 F = Spawn count percentage of total count
 G = Total turns spent on level
                    A         B        C        D         E        F      G
               +---------+---------+-------+---------+---------+-------+---------
         Total |       0 |    1626 |   0.0 |       0 |     106 |   0.0 |  6968
               +---------+---------+-------+---------+---------+-------+---------
           D:1 |       0 |      24 |   0.0 |       0 |      13 |   0.0 |   916
           D:2 |       0 |      56 |   0.0 |       0 |      24 |   0.0 |   788
           D:3 |       0 |     100 |   0.0 |       0 |      14 |   0.0 |   878
           D:4 |       0 |     405 |   0.0 |       0 |      27 |   0.0 |  1852
           D:5 |       0 |     435 |   0.0 |       0 |      16 |   0.0 |  1426
           D:6 |       0 |     507 |   0.0 |       0 |      10 |   0.0 |  1006
           D:7 |       0 |      99 |   0.0 |       0 |       2 |   0.0 |   102
               +---------+---------+-------+---------+---------+-------+---------
